 Dungeon Sprint DCSS version 0.21-a0-352-g5b8f553 (webtiles) character file.

311793 Kidiri the Skullcrusher (level 18, -7/220 HPs)
             Began as a Black Draconian Berserker on Oct 11, 2017.
             Was the Champion of Trog.
             Killed from afar by Antaeus (26 damage)
             ... with a flash freeze
             ... in the Dungeon (Sprint III: "The Ten Rune Challenge").
             The game lasted 01:58:18 (19403 turns).

Kidiri the Skullcrusher (DrBe)                     Turns: 19403, Time: 01:58:19

Health: -7/220     AC: 20    Str: 26    XL:     18   Next: 37%
Magic:  12/12      EV: 34    Int: 11    God:    Trog [******]
Gold:   3754       SH: 33    Dex: 18    Spells: 17/17 levels left

rFire    . . .     SeeInvis .   a - +9 demon whip (antimagic)
rCold    + + .     Gourm    .   Y - +6 large shield {reflect}
rNeg     + + +     Faith    .   (armour unavailable)
rPois    +         Spirit   .   v - +3 hat of Pondering {ponderous, MR+ MP+10 Int+5}
rElec    +         Reflect  +   P - +2 ratskin cloak {+Rats rPois rN+ Str-1 Int-1 Dex+1}
rCorr    .         Harm     +   L - +2 pair of gloves of Thoughtfulness {Str+2}
MR       ++...     NoTele   +   A - +0 pair of boots of Fuaschoch {*Corrode rElec rPois}
Stlth    ++........             K - amulet "Bifeastri" {Harm *Drain rN++ Dex+3}
HPRegen  0.46/turn              S - ring of protection from cold
MPRegen  0.13/turn              y - ring of Wupnol Nisen {+Inv rC+ Slay+3}

@: short of breath, berserk cooldown, flying, hasted and slowed, slow
A: breathe lightning, unfitting armour, big wings, stinger 2, robust 1,
electricity resistance, cold-blooded, AC +10
}: 6/10 runes: decaying, barnacled, silver, golden, iron, bone
a: Breathe Lightning, Stop Flying, Berserk, Trog's Hand, Brothers in Arms, Burn
Spellbooks, Renounce Religion, Evoke Ratskin, Evoke Invisibility


You were in the Dungeon.
You worshipped Trog.
Trog was exalted by your worship.
You were not hungry.

You visited 1 branch You collected 7058 gold pieces.
You spent 3304 gold pieces at shops.

Inventory:

Hand Weapons
 a - a +9 antimagic demon whip (weapon)
Missiles
 b - 20 javelins of returning
 c - 7 throwing nets
 f - 21 poisoned javelins
 o - 20 steel javelins
 s - 24 javelins of penetration (quivered)
 t - 25 silver javelins
 u - 5 javelins
Armour
 v - the +3 hat of Pondering (worn) {ponderous, MR+ MP+10 Int+5}
   (You took it off Gastronok in the Dungeon)

   It affects your intelligence (+5).
   It affects your resistance to hostile enchantments.
   It affects your magic capacity (+10).
 A - the +0 pair of boots of Fuaschoch (worn) {*Corrode rElec rPois}
   (You acquired it in the Dungeon)

   It insulates you from electricity.
   It protects you from poison.
   It may corrode you when you take damage.
 L - the +2 pair of gloves of Thoughtfulness (worn) {Str+2}
   (You found it in the Dungeon)

   It affects your strength (+2).
 P - the +2 ratskin cloak (worn) {+Rats rPois rN+ Str-1 Int-1 Dex+1}
   (You acquired it in the Dungeon)

   It affects your strength (-1).
   It affects your intelligence (-1).
   It affects your dexterity (+1).
   It protects you from poison.
   It protects you from negative energy.
 Y - a +6 large shield of reflection (worn)
Jewellery
 y - the ring of Wupnol Nisen (right hand) {+Inv rC+ Slay+3}
   (You acquired it in the Dungeon)

   [ring of slaying]

   It affects your accuracy and damage with ranged weapons and melee attacks
   (+3).
   It protects you from cold.
   It lets you turn invisible.
 I - a +3 ring of dexterity
 K - the amulet "Bifeastri" (around neck) {Harm *Drain rN++ Dex+3}
   (You acquired it in the Dungeon)

   [amulet of harm]

   It increases damage dealt and taken.
   It affects your dexterity (+3).
   It greatly protects you from negative energy.
   It causes draining when unequipped.
 M - a +5 amulet of reflection
 O - an uncursed ring of see invisible
 S - a ring of protection from cold (left hand)
Wands
 e - a wand of paralysis (13/24)
 g - a wand of iceblast (9/15)
 E - a wand of iceblast (8/15)
 J - a wand of acid (3/15)
 T - a wand of confusion (33/48)
Scrolls
 j - 3 scrolls of immolation
 n - a scroll of holy word
 p - a scroll of silence
 q - a scroll of recharging
 H - 2 scrolls of torment
 R - 2 scrolls of fog
Potions
 d - a potion of invisibility {unknown}
 h - 3 potions of resistance
 i - 3 potions of berserk rage
 m - 4 potions of cancellation
 r - 11 potions of haste
 w - 2 potions of lignification
 x - 8 potions of heal wounds
 z - 14 potions of curing
 C - 4 potions of agility
 D - 2 potions of magic
 F - 3 potions of might
 G - 3 potions of mutation
Comestibles
 l - 5 royal jellies


   Skills:
 O Level 27 Fighting
 O Level 27 Maces & Flails
 + Level 20.5 Throwing
 O Level 27 Dodging
 * Level 25.4 Shields
 + Level 13.2 Evocations


You had 17 spell levels left.
You didn't know any spells.

Dungeon Overview and Level Annotations

Branches:
Dungeon (1/1)

Altars:
Cheibriados
Dithmenos
Elyvilon
Fedhas
Gozag
Hepliaklqana
Kikubaaqudgha
Makhleb
Nemelex Xobeh
Okawaru
Qazlal
Ru
Sif Muna
Trog
Uskayaw
Vehumet
Wu Jian
Xom
Yredelemnul
Zin
The Shining One
Beogh
Jiyva
Lugonu

Shops:
D !}[*[!=[%%!%!?[}:[%(?}}=

Annotations:
D exclusion: 4 doors, Antaeus


Innate Abilities, Weirdness & Mutations

You can breathe wild blasts of lightning.
Your glossy black scales are hard. (AC +10)
You cannot fit into any form of body armour.
Your large and strong wings let you fly indefinitely.
You are resistant to electric shocks. (rElec)
You are cold-blooded and may be slowed by cold attacks.
Your tail ends in a sharp poisonous barb.
You are robust. (+10% HP)


Message History

Okay, then.
You eat one of the 6 royal jellies.
That royal jelly was delicious!
You block Antaeus's attack. x2
You feel yourself speed up. You block Antaeus's attack. Antaeus hits you!
Antaeus freezes you! You resist. Antaeus hits you!!!
* * * LOW HITPOINT WARNING * * *
Antaeus freezes you!! You resist.
* * * LOW HITPOINT WARNING * * *
You block Antaeus's attack.
Unknown command.
Unknown command.
You feel much better. Antaeus hits you!
* * * LOW HITPOINT WARNING * * *
Antaeus freezes you! You resist.
* * * LOW HITPOINT WARNING * * *
You block Antaeus's attack.
Okay, then.
Antaeus gestures at you. The flash freeze hits you! You partially resist.
You die...

▓.....................
▓#######'#############
###≈≈≈≈≈≈≈≈≈##§§§#§§
#[+≈#+#≈≈#####§§§+§§
####≈#(#≈≈#(# #..§#§§
#≈≈≈≈###≈≈#+####+####
#≈≈≈≈≈≈≈≈≈≈≈≈# #.|(§§
#≈≈≈≈#+#≈≈≈≈≈###+####
####@#(#≈≈#+###§§§#§§
#C'≈###≈≈#[# #§§§+§§
###≈≈≈≈≈≈### #§§§#§§
######## #######


You could see Antaeus.

Vanquished Creatures
  Gloorx Vloq (D)
  Khufu (D)
  Mara (D)
  Mennas (D)
  4 greater mummies (D)
  Boris (D)
  Frederick (D)
  Geryon (D)
  the Lernaean hydra (D)
  Nikola (D)
  2 liches (D)
  Rupert (D)
  An iron giant (D)
  5 Ice Fiends (D)
  2 Hell Sentinels (D)
  2 titans (D)
  A deep elf blademaster (D)
  A quicksilver dragon (D)
  A kraken (D)
  An ancient champion (D)
  Gastronok (D)
  4 shadow dragons (D)
  Harold (D)
  2 sphinxes (D)
  Chuck (D)
  Roxanne (D)
  A storm dragon (D)
  4 azure jellies (D)
  3 ghost moths (D)
  An iron dragon (D)
  2 frost giants (D)
  A stone giant (D)
  4 war gargoyles (D)
  2 vampire knights (D)
  2 dire elephants (D)
  2 deep elf annihilators (D)
  Azrael (D)
  2 deep elf demonologists (D)
  6 mummy priests (D)
  2 deep elf death magi (D)
  A fire dragon (D)
  2 yaktaur captains (D)
  2 hell beasts (D)
  A hydra (D)
  11 vault guards (D)
  2 centaur warriors (D)
  An ogre mage (D)
  2 dancing weapons (D)
  2 iron elementals (D)
  An alligator (shapeshifter) (D)
  A death yak (D)
  An orc high priest (D)
  Urug (D)
  A titan zombie (D)
  2 sun demons (D)
  2 iron golems (D)
  2 soul eaters (D)
  4 hell knights (D)
  5 skeletal warriors (D)
  2 golden dragon zombies (D)
  A shadow wraith (D)
  3 kraken simulacra (D)
  A death drake (D)
  2 swamp dragons (D)
  2 orange crystal statues (D)
  A lindwurm (D)
  An obsidian statue (D)
  8 ugly things (D)
  3 crystal guardians (D)
  6 deep elf magi (D)
  2 oklob plants (D)
  3 rust devils (D)
  A molten gargoyle (D)
  2 elephants (D)
  6 statues (D)
  2 spiny frogs (D)
  A komodo dragon (D)
  2 ice devils (D)
  8 yaktaurs (D)
  An anaconda simulacrum (D)
  12 guardian mummies (D)
  A rime drake (D)
  4 spriggan defenders (D)
  2 tyrant leeches (D)
  2 hornets (D)
  7 slime creatures (D)
  5 blink frogs (D)
  2 snapping turtles (D)
  A hippogriff (shapeshifter) (D)
  11 shadows (D)
  A spriggan (D)
  4 redbacks (D)
  3 wandering mushrooms (D)
  A spatial vortex (D)
  2 iron troll simulacra (D)
  2 hydra simulacra (D)
  3 swamp drakes (D)
  A fire dragon simulacrum (D)
  A black mamba simulacrum (D)
  A necrophage (D)
  3 two-headed ogres (D)
  A water elemental (D)
  11 killer bees (D)
  An electric eel (D)
  13 quasits (D)
  A jelly (D)
  A wizard (D)
  2 orc priests (D)
  Jessica (D)
  2 necromancers (D)
  A polar bear simulacrum (D)
  A wolf simulacrum (D)
  A human (D)
  A kobold demonologist (D)
  A wolf (D)
  2 oozes (D)
  A dart slug (D)
  6 orcs (D)
  A rat (D)
  4 ballistomycetes (D)
  8 bushes (D)
  6 butterflies (D)
  26 plants (D)
336 creatures vanquished.

Vanquished Creatures (collateral kills)
  Dispater (D)
  2 greater mummies (D)
  A Hell Sentinel (D)
  A stone giant (D)
  3 mummy priests (D)
  Erolcha (D)
  5 vault guards (D)
  2 dancing weapons (D)
  An alligator snapping turtle (D)
  3 death yaks (D)
  3 orc high priests (D)
  A spriggan druid (D)
  Joseph (D)
  A crystal guardian (D)
  An ugly thing (D)
  2 black mambas (D)
  11 guardian mummies (D)
  A queen bee (D)
  A hornet (D)
  3 blink frogs (D)
  3 snapping turtles (D)
  A spriggan (D)
  A redback (D)
  2 humans (D)
  2 two-headed ogres (D)
  21 killer bees (D)
  2 quasits (D)
  2 orc priests (D)
  An orc wizard (D)
  6 orcs (D)
  A plant (D)
87 creatures vanquished.

Vanquished Creatures (others)
  2 draconian scorchers (D)
  A stone giant (D)
  A yaktaur captain (D)
  2 hydras (D)
  2 statues (D)
  6 hellions (D)
  6 yaktaurs (D)
  An electric eel (D)
  4 ball lightnings (D)
  2 ballistomycetes (D)
  4 ballistomycete spores (D)
  3 fungi (D)
  12 plants (D)
  22 tentacles (D)
68 creatures vanquished.

Grand Total: 491 creatures vanquished

Notes
Turn   | Place    | Note
-------+----------+-------------------------------------------
     0 | D        | Kidiri the Draconian Berserker began the quest for the Orb.
     0 | D        | Reached XP level 1. HP: 19/19 MP: 1/1
    18 | D        | Reached XP level 2. HP: 27/27 MP: 2/2
    35 | D        | Reached ** piety under Trog
    37 | D        | Noticed Jessica
    45 | D        | Killed Jessica
    45 | D        | Reached skill level 5 in Fighting
    45 | D        | Reached skill level 1 in Throwing
    45 | D        | Reached XP level 3. HP: 30/36 MP: 3/3
   104 | D        | Reached skill level 5 in Maces & Flails
   111 | D        | Reached *** piety under Trog
   111 | D        | Reached XP level 4. HP: 44/44 MP: 4/4
   116 | D        | Killed a hellion
   116 | D        | Killed a hellion
   117 | D        | Killed a hellion
   117 | D        | Killed a hellion
   122 | D        | Killed a yaktaur
   136 | D        | Gained mutation: You expend magic power (3 MP) to strengthen your wands. [potion of mutation]
   136 | D        | Gained mutation: You passively map a small area around you. [potion of mutation]
   175 | D        | Killed a hellion
   211 | D        | Lost mutation: You expend magic power (3 MP) to strengthen your wands. [potion of mutation]
   211 | D        | Lost mutation: You passively map a small area around you. [potion of mutation]
   211 | D        | Gained mutation: Your mind is acute. (Int +2) [potion of mutation]
   211 | D        | Gained mutation: You tend to lose your temper in combat. [potion of mutation]
   211 | D        | Gained mutation: You passively map a small area around you. [potion of mutation]
   212 | D        | Lost mutation: You tend to lose your temper in combat. [potion of mutation]
   212 | D        | Lost mutation: Your mind is acute. (Int +2) [potion of mutation]
   212 | D        | Lost mutation: You passively map a small area around you. [potion of mutation]
   212 | D        | Gained mutation: Your tail ends in a poisonous barb. [potion of mutation]
   212 | D        | Gained mutation: You are robust. (+10% HP) [potion of mutation]
   212 | D        | Gained mutation: You are resistant to electric shocks. (rElec) [potion of mutation]
   212 | D        | Gained mutation: Your tail ends in a sharp poisonous barb. [potion of mutation]
   223 | D        | Killed a yaktaur
   224 | D        | Killed a white draconian scorcher
   232 | D        | Killed a hellion
   236 | D        | Noticed a water elemental
   242 | D        | Killed a water elemental
   242 | D        | Reached skill level 5 in Dodging
   263 | D        | Killed a white draconian scorcher
   298 | D        | Found a radiant altar of Vehumet.
   298 | D        | Found a deep blue altar of Sif Muna.
   298 | D        | Found an ancient bone altar of Kikubaaqudgha.
   298 | D        | Noticed a wizard
   300 | D        | Reached **** piety under Trog
   301 | D        | Killed a wizard
   301 | D        | Reached XP level 5. HP: 53/57 MP: 5/5
   388 | D        | Found a glowing silver altar of Zin.
   388 | D        | Found a glowing golden altar of the Shining One.
   388 | D        | Found a white marble altar of Elyvilon.
   389 | D        | Noticed a deep elf mage
   392 | D        | Noticed an ice beast
   394 | D        | Killed a deep elf mage
   394 | D        | Reached XP level 6. HP: 69/69 MP: 6/6
   444 | D        | Found an ornate altar of the Wu Jian Council.
   444 | D        | Found a roughly hewn altar of Beogh.
   444 | D        | Found an iron altar of Okawaru.
   444 | D        | Found a bloodstained altar of Trog.
   444 | D        | Found a hide-covered altar of Uskayaw.
   444 | D        | Noticed a human
   444 | D        | Noticed a human
   448 | D        | Killed a human
   450 | D        | Killed a human
   450 | D        | Reached skill level 5 in Throwing
   450 | D        | Your scales start taking on a glossy black colour.
   450 | D        | Reached XP level 7. HP: 78/78 MP: 7/7
   450 | D        | Mutation became permanent: You are resistant to electric shocks. (rElec) [Black Draconian growth]
   450 | D        | Gained mutation: You are resistant to electric shocks. (rElec) [Black Draconian growth]
   540 | D        | Found a basalt altar of Yredelemnul.
   540 | D        | Found a shadowy altar of Dithmenos.
   540 | D        | Found a sacrificial altar of Ru.
   544 | D        | Reached skill level 10 in Fighting
   573 | D        | Noticed a shadow
   574 | D        | Killed a shadow
   574 | D        | Reached ***** piety under Trog
   574 | D        | Received a gift from Trog
   598 | D        | Found a blossoming altar of Fedhas.
   598 | D        | Found a stormy altar of Qazlal.
   598 | D        | Found a snail-covered altar of Cheibriados.
   598 | D        | Found a burning altar of Makhleb.
   598 | D        | Found a shimmering altar of Xom.
   599 | D        | Found a hazy altar of Hepliaklqana.
   599 | D        | Found an opulent altar of Gozag.
   599 | D        | Found a sparkling altar of Nemelex Xobeh.
   599 | D        | Found a corrupted altar of Lugonu.
   599 | D        | Found a viscous altar of Jiyva.
   599 | D        | Noticed a spatial vortex
   609 | D        | Killed a spatial vortex
   609 | D        | Reached skill level 10 in Maces & Flails
   609 | D        | Reached XP level 8. HP: 89/89 MP: 8/8
   635 | D        | Received a gift from Trog
   650 | D        | Killed a yaktaur
   669 | D        | Noticed a two-headed ogre
   671 | D        | HP: 4/90 [two-headed ogre/dire flail (25)]
   674 | D        | Killed a two-headed ogre
   937 | D        | Noticed a two-headed ogre
   937 | D        | Noticed Erolcha
   945 | D        | Killed Erolcha
   945 | D        | Reached skill level 10 in Dodging
   945 | D        | Reached XP level 9. HP: 46/99 MP: 9/9
   947 | D        | Killed a two-headed ogre
  1442 | D        | Noticed a queen bee
  1460 | D        | Received a gift from Trog
  1468 | D        | Killed a queen bee
  1476 | D        | Received a gift from Trog
  1495 | D        | Received a gift from Trog
  1984 | D        | Received a gift from Trog
  2123 | D        | Received a gift from Trog
  2302 | D        | Noticed a wandering mushroom
  2337 | D        | Noticed a wandering mushroom
  2339 | D        | Noticed a wandering mushroom
  2380 | D        | Reached XP level 10. HP: 97/112 MP: 10/10
  2440 | D        | Noticed a spiny frog
  2440 | D        | Noticed a spiny frog
  2447 | D        | Killed a spiny frog
  2452 | D        | Killed a spiny frog
  2452 | D        | Received a gift from Trog
  2649 | D        | Noticed a lindwurm
  2658 | D        | Killed a lindwurm
  2658 | D        | Received a gift from Trog
  2845 | D        | Noticed Urug
  2850 | D        | Killed Urug
  2850 | D        | Reached skill level 15 in Fighting
  3102 | D        | Reached ****** piety under Trog
  3102 | D        | Received a gift from Trog
  3126 | D        | Received a gift from Trog
  3139 | D        | Reached XP level 11. HP: 79/124 MP: 11/11
  3351 | D        | Noticed Rupert
  3365 | D        | Killed Rupert
  3365 | D        | Reached skill level 15 in Maces & Flails
  3375 | D        | Noticed an azure jelly
  3375 | D        | Noticed an azure jelly
  3375 | D        | Noticed an azure jelly
  3375 | D        | Noticed an azure jelly
  3496 | D        | Noticed a death yak
  3497 | D        | Noticed a death yak
  3498 | D        | Noticed a death yak
  3498 | D        | Noticed a death yak
  3501 | D        | Killed a death yak
  3501 | D        | Reached skill level 10 in Throwing
  3505 | D        | Killed a death yak
  3507 | D        | Received a gift from Trog
  3540 | D        | Killed a death yak
  3544 | D        | Killed a death yak
  3695 | D        | Noticed a kraken
  4091 | D        | Noticed an alligator snapping turtle
  4116 | D        | Killed an alligator snapping turtle
  4118 | D        | Received a gift from Trog
  4556 | D        | Killed a kraken
  4798 | D        | Found Nizer's Antique Armour Shop.
  4798 | D        | Found Zurphua's Gadget Boutique.
  4798 | D        | Found Waegoss's Distillery.
  4807 | D        | Got a barnacled rune of Zot
  4858 | D        | Noticed a dire elephant
  4858 | D        | Noticed a dire elephant
  4858 | D        | Noticed Gastronok
  4864 | D        | Killed a dire elephant
  4864 | D        | Reached XP level 12. HP: 137/137 MP: 12/12
  4869 | D        | Reached skill level 15 in Dodging
  4875 | D        | Killed a dire elephant
  4894 | D        | Killed Gastronok
  4894 | D        | Received a gift from Trog
  5041 | D        | Noticed an orc high priest
  5042 | D        | Noticed an orc high priest
  5048 | D        | Received a gift from Trog
  5051 | D        | Received a gift from Trog
  5056 | D        | Killed an orc high priest
  5057 | D        | Found Zaexirr's General Store.
  5058 | D        | Received a gift from Trog
  5067 | D        | Killed an orc high priest
  5067 | D        | Received a gift from Trog
  5284 | D        | Bought a pair of runed boots for 150 gold pieces
  5284 | D        | Bought a pair of glowing gloves for 150 gold pieces
  5297 | D        | Bought a potion of haste for 100 gold pieces
  5297 | D        | Bought a potion of haste for 100 gold pieces
  5297 | D        | Bought a potion of heal wounds for 50 gold pieces
  5297 | D        | Bought a potion of might for 40 gold pieces
  5297 | D        | Bought a potion of curing for 30 gold pieces
  5297 | D        | Bought a potion of cancellation for 80 gold pieces
  5297 | D        | Bought 2 potions of curing for 60 gold pieces
  5297 | D        | Bought a potion of curing for 30 gold pieces
  5400 | D        | Killed a four-headed hydra
  5401 | D        | Killed a five-headed hydra
  5515 | D        | Received a gift from Trog
  5543 | D        | Noticed a deep elf demonologist
  5544 | D        | Noticed a deep elf demonologist
  5545 | D        | Noticed a deep elf death mage
  5642 | D        | Noticed a deep elf death mage
  5643 | D        | Noticed a deep elf blademaster
  5644 | D        | Noticed a deep elf annihilator
  5651 | D        | Noticed a deep elf annihilator
  5654 | D        | Killed a deep elf annihilator
  5654 | D        | Received a gift from Trog
  5718 | D        | Killed a deep elf death mage
  5923 | D        | Noticed a Hell Sentinel
  6025 | D        | Noticed an Ice Fiend
  6242 | D        | Killed a deep elf death mage
  6242 | D        | Received a gift from Trog
  6248 | D        | Noticed a Hell Sentinel
  6252 | D        | Killed a deep elf demonologist
  6416 | D        | Killed a deep elf annihilator
  6487 | D        | Noticed a reaper
  6519 | D        | Killed a deep elf demonologist
  6519 | D        | Reached XP level 13. HP: 150/150 MP: 13/13
  6541 | D        | Got a jewelled trident {flame}
  6547 | D        | Killed a deep elf blademaster
  6547 | D        | Received a gift from Trog
  6574 | D        | Received a gift from Trog
  6574 | D        | Received a gift from Trog
  6597 | D        | Got a vibrating bone amulet
  6598 | D        | Got a translucent great sword {vamp}
  6604 | D        | Received a gift from Trog
  6612 | D        | Received a gift from Trog
  6612 | D        | Received a gift from Trog
  6629 | D        | Got a pair of warped gloves
  6631 | D        | Got a heavily runed graven amulet
  6634 | D        | Got a bloodstained cloak
  6645 | D        | Identified the +2 pair of gloves of Thoughtfulness {Str+2} (You found it in the Dungeon)
  6650 | D        | Identified the +2 cloak "Jyxib" {+Inv} (You found it in the Dungeon)
  6662 | D        | Identified the amulet "Salismum" {Spirit *Slow rElec rPois} (You took it off a deep elf annihilator in the Dungeon)
  6664 | D        | Identified the amulet of Utoschid {Regen+ Str+3 SInv} (You found it in the Dungeon)
  6673 | D        | Identified the cursed +1 trident of Ravage {flame, Str+6} (You took it off a deep elf death mage in the Dungeon)
  6708 | D        | Identified the +8 great sword of Vaure {vamp, *Slow rN+++ Int+9} (You took it off a deep elf annihilator in the Dungeon)
  6731 | D        | Bought a potion of curing for 39 gold pieces
  6731 | D        | Bought a +0 buckler for 58 gold pieces
  6901 | D        | Reached skill level 1 in Shields
  7437 | D        | Found a blossoming altar of Fedhas.
  7442 | D        | Noticed a ghost moth
  7452 | D        | Killed a ghost moth
  7474 | D        | Received a gift from Trog
  7604 | D        | Received a gift from Trog
  7707 | D        | Found Laynioko's Antique Armour Emporium.
  7707 | D        | Found Eppotu's Distillery.
  7707 | D        | Found Ryemir's Jewellery Shoppe.
  7755 | D        | Bought 2 potions of curing for 78 gold pieces
  7755 | D        | Bought a potion of agility for 52 gold pieces
  8111 | D        | Noticed Harold
  8111 | D        | Noticed Joseph
  8119 | D        | Killed Harold
  8119 | D        | Received a gift from Trog
  8128 | D        | Killed Joseph
  8189 | D        | Received a gift from Trog
  8370 | D        | Reached skill level 5 in Shields
  8384 | D        | Found Yxypig's Antique Armour Emporium.
  8384 | D        | Found Geskeusen's Antique Weapon Shop.
  8384 | D        | Found Vebossyg's Gadget Boutique.
  8384 | D        | Found Fukicom's Jewellery Shoppe.
  8384 | D        | Found Vupuiful's Book Boutique.
  8384 | D        | Found Zoqaf's Food Emporium.
  8384 | D        | Found Ifrusad's Antique Armour Shoppe.
  8384 | D        | Found Raiph's Gadget Shop.
  8384 | D        | Found Foepioro's Magic Scroll Shop.
  8384 | D        | Found Ciorch's Gadget Emporium.
  8384 | D        | Found Boamibb's Distillery.
  8384 | D        | Found Wiahaeqi's Magic Scroll Boutique.
  8401 | D        | Bought a scroll of blinking for 82 gold pieces
  8401 | D        | Bought a scroll of fog for 22 gold pieces
  8401 | D        | Bought a scroll of fog for 22 gold pieces
  8401 | D        | Bought a scroll of enchant weapon for 82 gold pieces
  8401 | D        | Bought a scroll of enchant armour for 82 gold pieces
  8401 | D        | Bought 3 scrolls of enchant weapon for 247 gold pieces
  8401 | D        | Bought a scroll of blinking for 82 gold pieces
  8401 | D        | Bought a scroll of magic mapping for 38 gold pieces
  8401 | D        | Bought a scroll of enchant armour for 82 gold pieces
  8408 | D        | Bought a shiny shield for 195 gold pieces
  8429 | D        | Bought a scroll of enchant armour for 75 gold pieces
  8429 | D        | Bought a scroll of blinking for 75 gold pieces
  8429 | D        | Bought a scroll of enchant weapon for 75 gold pieces
  8567 | D        | Received a gift from Trog
  8716 | D        | Noticed a fire dragon
  8722 | D        | Killed a fire dragon
  8800 | D        | Received a gift from Trog
  9009 | D        | Received a gift from Trog
  9086 | D        | Noticed Chuck
  9098 | D        | Killed Chuck
  9107 | D        | Noticed a fire dragon
  9107 | D        | an anaconda changed into a fire dragon
  9111 | D        | a fire dragon changed into an alligator
  9112 | D        | Received a gift from Trog
  9334 | D        | Noticed Frederick
  9344 | D        | Received a gift from Trog
  9358 | D        | Killed Frederick
  9358 | D        | Gained mutation: Your large and strong wings let you fly indefinitely. [Black Draconian growth]
  9358 | D        | Reached XP level 14. HP: 110/160 MP: 14/14
  9603 | D        | Noticed a lich
  9615 | D        | Killed a lich
  9615 | D        | Received a gift from Trog
  9615 | D        | Reached skill level 10 in Shields
  9807 | D        | Received a gift from Trog
  9815 | D        | Noticed a shadow dragon
  9816 | D        | Noticed a shadow dragon
  9839 | D        | Killed a shadow dragon
  9875 | D        | Killed a shadow dragon
  9878 | D        | Received a gift from Trog
 10232 | D        | Noticed a shadow dragon
 10232 | D        | Noticed a shadow dragon
 10232 | D        | Noticed a titan
 10232 | D        | Noticed a quicksilver dragon
 10232 | D        | Noticed a frost giant
 10232 | D        | Noticed a titan
 10232 | D        | Noticed a frost giant
 10233 | D        | Noticed a stone giant
 10251 | D        | Killed a quicksilver dragon
 10308 | D        | Killed a shadow dragon
 10308 | D        | Received a gift from Trog
 10356 | D        | Received a gift from Trog
 10410 | D        | Received a gift from Trog
 10546 | D        | Killed a titan
 10546 | D        | Received a gift from Trog
 10645 | D        | Received a gift from Trog
 10744 | D        | Killed a titan
 10744 | D        | Received a gift from Trog
 10800 | D        | Killed a frost giant
 10800 | D        | Reached XP level 15. HP: 119/173 MP: 15/15
 10894 | D        | Killed a frost giant
 10982 | D        | Received a gift from Trog
 11246 | D        | Killed a shadow dragon
 11246 | D        | Received a gift from Trog
 11510 | D        | Got a silver rune of Zot
 11865 | D        | Got a jewelled rapier {freeze}
 11865 | D        | Got a slimy hand crossbow
 12117 | D        | Got a pair of scorched boots
 12128 | D        | Identified the +0 pair of boots of Fuaschoch {*Corrode rElec rPois} (You acquired it in the Dungeon)
 12354 | D        | Reached skill level 15 in Throwing
 12438 | D        | Received a gift from Trog
 12469 | D        | Got a slimy flail {god gift}
 12472 | D        | Identified the +9 flail of Fighting Over It {flame, rN+ MR+} (Trog gifted it to you in the Dungeon)
 12495 | D        | Noticed a lich
 12505 | D        | Killed a lich
 12505 | D        | Received a gift from Trog
 12505 | D        | Reached skill level 15 in Shields
 12529 | D        | Received a gift from Trog
 12529 | D        | Received a gift from Trog
 12632 | D        | Noticed a sphinx
 12632 | D        | Noticed a sphinx
 12640 | D        | Killed a sphinx
 12645 | D        | Killed a sphinx
 13222 | D        | Received a gift from Trog
 13281 | D        | Received a gift from Trog
 13295 | D        | Noticed a greater mummy
 13299 | D        | Killed a greater mummy
 13299 | D        | Received a gift from Trog
 13534 | D        | Received a gift from Trog
 13702 | D        | Noticed a greater mummy
 13764 | D        | Killed a greater mummy
 13960 | D        | Got a transparent falchion {slice}
 13996 | D        | Received a gift from Trog
 14005 | D        | Got a golden rune of Zot
 14132 | D        | Identified the +8 falchion of Premature Burial {slice, rC++ Stlth+} (You took it off a greater mummy in the Dungeon)
 14144 | D        | Got a twitching silver amulet
 14146 | D        | Identified the amulet "Bifeastri" {Harm *Drain rN++ Dex+3} (You acquired it in the Dungeon)
 14148 | D        | Found the +2 ratskin cloak {+Rats rPois rN+ Str-1 Int-1 Dex+1}
 14189 | D        | Got a transparent eveningstar
 14190 | D        | Identified the +0 eveningstar of Calculation {flame, Int+2} (You acquired it in the Dungeon)
 14506 | D        | Noticed Azrael
 14510 | D        | Killed Azrael
 14532 | D        | Got a pair of brightly glowing gloves
 14545 | D        | Identified the +0 pair of gloves of Disaster {MR- Int+5 Dex+2} (You acquired it in the Dungeon)
 14556 | D        | Got a sparkling lapis lazuli ring
 14558 | D        | Identified the ring of Wupnol Nisen {+Inv rC+ Slay+3} (You acquired it in the Dungeon)
 14627 | D        | Noticed the 27-headed Lernaean hydra
 14641 | D        | Killed the 27-headed Lernaean hydra
 14680 | D        | Got a decaying rune of Zot
 14788 | D        | Reached XP level 16. HP: 193/193 MP: 8/16
 14808 | D        | Received a gift from Trog
 14922 | D        | Received a gift from Trog
 15064 | D        | Noticed Boris
 15077 | D        | Killed Boris
 15077 | D        | Received a gift from Trog
 15144 | D        | Found Gerown's Food Emporium.
 15144 | D        | Found Putsozepn's Distillery.
 15144 | D        | Found Tologaot's Food Shop.
 15144 | D        | Found Umemin's Food Shoppe.
 15225 | D        | Found Hommem's Armour Boutique.
 15274 | D        | Received a gift from Trog
 15322 | D        | Received a gift from Trog
 15382 | D        | Noticed Nikola
 15382 | D        | Noticed a storm dragon
 15398 | D        | Killed a storm dragon
 15417 | D        | Killed Nikola
 15431 | D        | Received a gift from Trog
 15493 | D        | Noticed Mara
 15506 | D        | Received a gift from Trog
 15526 | D        | Received a gift from Trog
 15631 | D        | Noticed Kidiri's illusion
 15644 | D        | Killed Mara
 15709 | D        | Noticed an ancient champion
 15714 | D        | Killed an ancient champion
 15714 | D        | Received a gift from Trog
 15801 | D        | Noticed Roxanne
 15820 | D        | Killed Roxanne
 15883 | D        | Received a gift from Trog
 15886 | D        | Received a gift from Trog
 15897 | D        | Received a gift from Trog
 16213 | D        | Bought a potion of heal wounds for 55 gold pieces
 16213 | D        | Bought a potion of haste for 110 gold pieces
 16213 | D        | Bought a potion of cancellation for 88 gold pieces
 16213 | D        | Bought a potion of heal wounds for 55 gold pieces
 16213 | D        | Bought a potion of berserk rage for 55 gold pieces
 16213 | D        | Bought a potion of curing for 33 gold pieces
 16213 | D        | Bought a potion of curing for 33 gold pieces
 16213 | D        | Bought a potion of cancellation for 88 gold pieces
 16214 | D        | Bought a scroll of recharging for 104 gold pieces
 16214 | D        | Bought a scroll of identify for 22 gold pieces
 16214 | D        | Bought a scroll of identify for 22 gold pieces
 16226 | D        | Bought a scroll of identify for 20 gold pieces
 16226 | D        | Bought a scroll of identify for 20 gold pieces
 16226 | D        | Bought a scroll of identify for 20 gold pieces
 16263 | D        | Bought a potion of haste for 130 gold pieces
 16263 | D        | Bought a potion of haste for 130 gold pieces
 16263 | D        | Bought a potion of curing for 39 gold pieces
 16263 | D        | Bought a potion of cancellation for 104 gold pieces
 16303 | D        | Noticed Mennas
 16320 | D        | Killed Mennas
 16451 | D        | Received a gift from Trog
 16591 | D        | Noticed Geryon
 16597 | D        | Reached skill level 1 in Evocations
 16597 | D        | Reached XP level 17. HP: 202/202 MP: 7/17
 16615 | D        | Killed Geryon
 16615 | D        | Received a gift from Trog
 16625 | D        | Received a gift from Trog
 16752 | D        | Noticed an iron giant
 16765 | D        | Killed an iron giant
 16773 | D        | Received a gift from Trog
 16835 | D        | Reached skill level 5 in Evocations
 16851 | D        | Received a gift from Trog
 16918 | D        | Noticed a Hell Sentinel
 16918 | D        | Noticed a Hell Sentinel
 16918 | D        | Noticed Dispater
 16950 | D        | Killed Dispater
 16959 | D        | Killed a Hell Sentinel
 16959 | D        | Killed a Hell Sentinel
 17243 | D        | Identified the Almanac of Sinister Summoning
 17247 | D        | Received a gift from Trog
 17252 | D        | Got an iron rune of Zot
 17284 | D        | Noticed a Hell Sentinel
 17299 | D        | Killed a Hell Sentinel
 17694 | D        | Noticed a greater mummy
 17703 | D        | Noticed Gloorx Vloq
 17713 | D        | Killed a greater mummy
 17714 | D        | Noticed a greater mummy
 17714 | D        | Received a gift from Trog
 17726 | D        | Killed Gloorx Vloq
 17726 | D        | Received a gift from Trog
 17726 | D        | Reached skill level 27 in Maces & Flails
 17758 | D        | Killed a greater mummy
 18137 | D        | Received a gift from Trog
 18168 | D        | Received a gift from Trog
 18203 | D        | Reached skill level 10 in Evocations
 18290 | D        | Received a gift from Trog
 18313 | D        | Received a gift from Trog
 18324 | D        | Received a gift from Trog
 18331 | D        | Received a gift from Trog
 18394 | D        | Noticed Khufu
 18395 | D        | Noticed a greater mummy
 18424 | D        | Killed Khufu
 18424 | D        | Received a gift from Trog
 18424 | D        | Reached skill level 27 in Fighting
 18424 | D        | Reached XP level 18. HP: 220/220 MP: 12/26
 18437 | D        | Received a gift from Trog
 18533 | D        | Noticed a greater mummy
 18541 | D        | Killed a greater mummy
 18541 | D        | Received a gift from Trog
 18547 | D        | Killed a greater mummy
 18547 | D        | Received a gift from Trog
 18577 | D        | Got a bone rune of Zot
 18825 | D        | Noticed an Ice Fiend
 18829 | D        | Killed an Ice Fiend
 19019 | D        | Noticed an Ice Fiend
 19024 | D        | Killed an Ice Fiend
 19085 | D        | Noticed an Ice Fiend
 19092 | D        | Killed an Ice Fiend
 19092 | D        | Received a gift from Trog
 19092 | D        | Reached skill level 27 in Dodging
 19277 | D        | Noticed an Ice Fiend
 19282 | D        | Killed an Ice Fiend
 19324 | D        | Noticed an Ice Fiend
 19328 | D        | Killed an Ice Fiend
 19379 | D        | Noticed Antaeus
 19403 | D        | Killed from afar by Antaeus

Vault maps used:
D:        dungeon_sprint_mu

Skill      XL: |  1  2  3  4  5  6  7  8  9 10 11 12 13 14 15 16 17 18 |
---------------+-------------------------------------------------------+-----
Dodging        | 3 4 5 7 8 9 10 11 13 14 16 18 20 21 24 26 27 | 27.0
Fighting       | 4 5 7 9 10 12 13 15 17 19 21 23 24 25 27 | 27.0
Maces & Flails | 4 5 6 8 9 10 11 12 14 16 18 19 21 23 25 27 | 27.0
Throwing       | 1 3 4 5 6 8 9 10 12 13 14 16 17 19 20 | 20.5
Shields        | 9 13 17 20 23 25 | 25.4
Evocations     | 1 10 13 | 13.2

Action                   |  1- 3 |  4- 6 |  7- 9 | 10-12 | 13-15 | 16-18 || total
-------------------------+-------+-------+-------+-------+-------+-------++-------
Melee: Mace              |    26 |    20 |    16 |       |       |       ||    62
       Tailslap          |     3 |     1 |    21 |    47 |   186 |   168 ||   426
       Great mace        |       |       |    62 |       |       |       ||    62
       Demon whip        |       |       |    35 |   190 |   789 |   618 ||  1632
Throw: Javelin           |       |       |       |    66 |    22 |    15 ||   103
       Tomahawk          |       |       |       |     5 |       |       ||     5
       Throwing net      |       |       |       |       |       |     1 ||     1
Invok: Berserk           |     1 |     3 |     5 |    11 |    18 |    19 ||    57
       Burn Spellbooks   |       |     1 |       |       |     5 |     3 ||     9
       Brothers in Arms  |       |     2 |     8 |    10 |    26 |    11 ||    57
 Abil: Breathe Lightning |       |       |     8 |    14 |    14 |     2 ||    38
       Evoke Invisibilit |       |       |       |       |     1 |     2 ||     3
       Fly               |       |       |       |       |     1 |       ||     1
       Evoke Ratskin     |       |       |       |       |       |     1 ||     1
  Use: Potion            |       |     3 |     3 |     1 |     2 |     6 ||    15
       Scroll            |       |       |     4 |       |    28 |    10 ||    42
 Stab: Invisible         |       |       |       |       |     4 |       ||     4
       Distracted        |       |       |       |       |     1 |     4 ||     5
       Held in net/web   |       |       |       |       |       |     2 ||     2
       Sleeping          |       |       |       |       |       |     1 ||     1
  Eat: Chunk             |       |     2 |     6 |    20 |    18 |     3 ||    49
       Bread ration      |       |       |     1 |       |     2 |     1 ||     4
       Meat ration       |       |       |     1 |       |     1 |     1 ||     3
       Royal jelly       |       |       |       |     5 |    11 |    12 ||    28
       Fruit             |       |       |       |       |     8 |     4 ||    12
Armor: Skin              |     6 |     2 |    13 |    16 |    82 |    25 ||   144
Dodge: Dodged            |    15 |    11 |   134 |   104 |   192 |   175 ||   631
Block: Shield            |       |       |       |       |    41 |       ||    41
       Buckler           |       |       |       |       |    17 |       ||    17
       Reflection        |       |       |       |       |    15 |    42 ||    57
       Large shield      |       |       |       |       |   209 |   578 ||   787

Table legend:
 A = Spawn XP
 B = Non-spawn XP
 C = Spawn XP percentage of total XP
 D = Spawn monster count
 E = Non-spawn monster count
 F = Spawn count percentage of total count
 G = Total turns spent on level
                    A         B        C        D         E        F      G
               +---------+---------+-------+---------+---------+-------+---------
         Total |       0 |  321983 |   0.0 |       0 |     385 |   0.0 | 19403
               +---------+---------+-------+---------+---------+-------+---------
             D |       0 |  321983 |   0.0 |       0 |     385 |   0.0 | 19403
               +---------+---------+-------+---------+---------+-------+---------
